 Dungeon Crawl Stone Soup version 0.19-a0-1457-g32fba05 (console) character file.

198 flowsnake the Chopper (level 5, -1/45 HPs)
             Began as a Hill Orc Fighter on Sept 6, 2016.
             Slain by a scorpion (2 damage)
             ... on level 4 of the Dungeon.
             The game lasted 00:07:06 (2320 turns).

flowsnake the Chopper (Hill Orc Fighter)            Turns: 2320, Time: 00:07:06

Health: -1/45      AC:  6    Str: 20    XL:     5   Next: 76%
Magic:  5/5        EV:  7    Int:  8    God:
Gold:   130        SH: 11    Dex: 10    Spells: 0 memorised, 4 levels left

rFire  . . .     SeeInvis .     a - +0 war axe
rCold  . . .     Gourm    .     b - +0 scale mail
rNeg   . . .     Faith    .     c - +1 shield
rPois  .         Spirit   .     (no helmet)
rElec  .         Dismiss  .     (no cloak)
rCorr  .         Reflect  .     (no gloves)
MR     .....     Harm     .     (no boots)
Stlth  ..........               (no amulet)
                                (no ring)
                                (no ring)

@: lethally poisoned (-1 -> -7)
A: no striking features
a: no special abilities


You were on level 4 of the Dungeon.
You were not hungry.

You visited 1 branch of the dungeon, and saw 4 of its levels.

You collected 130 gold pieces.

Inventory:

Hand Weapons
 a - a +0 war axe (weapon)
 m - a +0 mace of holy wrath
 n - a +1 short sword of protection
Armour
 b - a +0 scale mail (worn)
 c - a +1 shield (worn)
Scrolls
 h - 3 scrolls of remove curse
 j - a scroll of teleportation
Potions
 d - a potion of might
 e - a potion of magic
 i - 7 potions of curing
 k - a potion of brilliance {unknown}
 l - a potion of ambrosia
Comestibles
 f - 2 bread rations
 o - a beef jerky


   Skills:
 - Level 3.6 Fighting
 + Level 5.6 Axes
 - Level 3.2 Armour
 + Level 5.4 Shields


You had 4 spell levels left.
You didn't know any spells.

Dungeon Overview and Level Annotations

Branches:
Dungeon (4/15)
 Temple: D:4-7

Altars:
Yredelemnul

Annotations:
D:3 Natasha


Message History

The orc is almost dead.
You block the orc's attack.
You slash the orc!
You kill the orc!
You hit the orc.
The orc is heavily wounded.
The orc hits you with a short sword.
You hit the orc.
The orc is severely wounded.
The orc hits you with a short sword. The orc closely misses you.
You hit the orc.
You kill the orc!
You closely miss the scorpion. The scorpion stings you.
* * * LOW HITPOINT WARNING * * *
You are poisoned.
The scorpion poisons you!
You barely miss the scorpion.
You feel sick. The scorpion stings you!
* * * LOW HITPOINT WARNING * * *
The scorpion stings you.
You die...

██ █·· █·█ ███ █·█ █··
█·█ █·█ █$█ █·█ █·█
███████·████·████·····
··············os······
██████·████·███████··
█·█ █·█ █·█ █·█ █·█
█·█ █·█ █·· █·██ █·█
█··█ █·· ██·█ █·█ █·█
█·█ █·█ █·█ █·█


You could see a scorpion.

Vanquished Creatures
  A giant frog skeleton (D:4)
  Natasha (D:3)
  An orc wizard (D:4)
  3 gnolls (D:3)
  2 adders
  2 worms
  2 dart slugs
  2 giant geckos (D:1)
  12 orcs
  5 bats
  A giant cockroach (D:1)
  8 goblins
  2 hobgoblins
  2 jackals (D:3)
  A giant newt (D:1)
  4 kobolds
  5 rats (D:2)
54 creatures vanquished.

Notes
Turn   | Place    | Note
-------+----------+-------------------------------------------
     0 | D:1      | flowsnake the Hill Orc Fighter began the quest for the Orb.
     0 | D:1      | Reached XP level 1. HP: 19/19 MP: 1/1
   156 | D:1      | Reached XP level 2. HP: 18/26 MP: 2/2
  1053 | D:2      | Reached XP level 3. HP: 31/31 MP: 3/3
  1660 | D:3      | Found a basalt altar of Yredelemnul.
  1683 | D:3      | Reached XP level 4. HP: 13/39 MP: 4/4
  1970 | D:3      | Noticed Natasha
  1992 | D:3      | Killed Natasha
  1992 | D:3      | Reached skill level 5 in Axes
  1992 | D:3      | Reached skill level 5 in Shields
  1992 | D:3      | Reached XP level 5. HP: 20/45 MP: 5/5
  2003 | D:3      | Noticed Natasha
  2320 | D:4      | HP: 1/45 [scorpion (8)]
  2320 | D:4      | Slain by a scorpion

Vault maps used:
D:1:      dpeg_arrival_chambers_temple_mockup
D:2:      serial_corexii_hall, corexii_hall_statues_i, corexii_hall_statues_i
D:3:      yredelemnul_altar_generic, uniq_natasha
D:4:      serial_shops, kennysheep_little_box, nicolae_dithmenos_the_darkroom,
          uniq_menkaure

Skill      XL: |  1  2  3  4 |
---------------+-------------+-----
Axes           | 3 4 5 |  5.6
Shields        | 4 5 |  5.4
Fighting       | |  3.6
Armour         | |  3.2

Action                   |  1- 3 |  4- 6 || total
-------------------------+-------+-------++-------
Melee: War axe           |    88 |    96 ||   184
  Use: Scroll            |    11 |       ||    11
       Potion            |       |     1 ||     1
  Eat: Chunk             |     2 |     3 ||     5
Armor: Scale mail        |    32 |    36 ||    68
Dodge: Dodged            |    20 |    32 ||    52
Block: Shield            |    37 |    55 ||    92
